 Dungeon Crawl Stone Soup version 0.17.1-3-g152610e (webtiles) character file.

187 jacquesderrida the Caller (level 5, 0/35 HPs)
             Began as a Demonspawn Summoner on Apr 25, 2016.
             Slain by a quokka (1 damage)
             ... summoned by Eustachio
             ... on level 4 of the Dungeon.
             The game lasted 00:06:07 (1163 turns).

jacquesderrida the Caller (Demonspawn Summoner)     Turns: 1163, Time: 00:06:07

Health: 0/35       AC: 10    Str:  9    XL:     5   Next: 39%
Magic:  1/8        EV: 12    Int: 17    God:
Gold:   72         SH:  0    Dex: 13    Spells: 3 memorised, 2 levels left

rFire  . . .     SeeInvis .     m - +0 trident (vamp)
rCold  . . .     Clarity  .     a - +0 robe
rNeg   . . .     SustAt   .     (no shield)
rPois  .         Gourm    .     q - +1 helmet
rElec  .         Spirit   .     (no cloak)
rCorr  .         Warding  .     (no gloves)
rMut   .         Stasis   .     (no boots)
MR     .....                    (no amulet)
Stlth  ++........               (no ring)
                                (no ring)

@: hasted, very quick, not resistant to hostile enchantments, unstealthy
A: iridescent scales 2
a: no special abilities


You were on level 4 of the Dungeon.
You were hungry.

You visited 1 branch of the dungeon, and saw 4 of its levels.

You collected 72 gold pieces.

Inventory:

Hand Weapons
 e - a +0 short sword
 m - a +0 vampiric trident (weapon)
Missiles
 l - 16 poisoned needles
 n - 8 tomahawks (quivered)
Armour
 a - a +0 robe (worn)
 q - a +1 helmet (worn)
Scrolls
 d - a scroll of teleportation {unknown}
 f - a scroll of amnesia {unknown}
 g - a scroll of remove curse {unknown}
 i - a scroll of immolation {unknown}
 j - 3 scrolls of identify {unknown}
Potions
 h - a potion of haste
 k - a potion of magic {unknown}
 o - a potion of agility {unknown}
 p - a potion of ambrosia {unknown}
Books
 b - a book of Callings

   Spells                             Type                      Level
   a - Summon Small Mammal            Summoning                    1
   b - Call Imp                       Summoning                    2
   c - Call Canine Familiar           Summoning                    3
   d - Summon Guardian Golem          Hexes/Summoning              3
   e - Summon Lightning Spire         Summoning/Air                4
   f - Summon Ice Beast               Ice/Summoning                4
Comestibles
 c - a bread ration
 r - a chunk of flesh


   Skills:
 + Level 2.3 Polearms
 - Level 1.7 Dodging
 - Level 1.7 Stealth
 - Level 2.0 Spellcasting
 + Level 6.0 Summonings


You had 2 spell levels left.
You knew the following spells:

 Your Spells              Type           Power        Failure   Level  Hunger
a - Summon Small Mammal   Summ           ###.         1%          1    #......
b - Call Imp              Summ           ###.....     2%          2    ###....
c - Call Canine Familiar  Summ           ###.....     6%          3    ###....


Dungeon Overview and Level Annotations

Branches:
Dungeon (4/15)
 Temple: D:4-7

Altars:
Zin
The Shining One

Annotations:
D:4 Eustachio


Innate Abilities, Weirdness & Mutations

You are mostly covered in iridescent scales (AC +6).


Message History

You puncture Eustachio!
Eustachio is heavily wounded.
The bat hits you but does no damage.
Your hound bites Eustachio.
The quokka bites you.
* * * LOW HITPOINT WARNING * * *
The bat barely misses you. Eustachio hits you with a rapier.
* * * LOW HITPOINT WARNING * * *
You hit Eustachio.
Eustachio is severely wounded.
The bat closely misses you.
Your hound barely misses Eustachio.
The quokka barely misses you.
Your crimson imp closely misses the bat.
Your hound bites Eustachio.
Eustachio hits you with a rapier.
* * * LOW HITPOINT WARNING * * *
The quokka bites you but does no damage.
Drink which item? (? for menu, Esc to quit)
It was a potion of haste.
You feel yourself speed up.
Your hound misses Eustachio. Eustachio closely misses you.
The quokka bites you.
You die...

#.. ############..
##............#
#............##
.......<......#
..............#
..<....<.....5#
...........br.#
......$..†..@.#
#...........h@...#
##..(.......##......
############ .#....
# ... .. .


You could see Eustachio, a quokka, a bat, a friendly hound and a friendly
crimson imp.

Vanquished Creatures
  A centaur zombie (D:3)
  A centaur skeleton (D:3)
  A worker ant (D:4)
  An adder skeleton (D:3)
  2 giant geckos (D:3)
  2 orcs (D:3)
  4 bats
  2 giant cockroaches (D:1)
  6 jackals
  A quokka (D:3)
  A goblin (D:1)
  3 rats
25 creatures vanquished.

Vanquished Creatures (collateral kills)
  An ogre (D:3)
  An orc priest (D:3)
  4 adders
  A worm (D:3)
  4 orcs (D:3)
  2 giant cockroaches (D:1)
  3 goblins
  A hobgoblin (D:1)
  3 jackals
  A kobold (D:1)
  2 quokkas (D:3)
  4 bats
  A giant newt (D:3)
  2 rats
30 creatures vanquished.

Grand Total: 55 creatures vanquished

Notes
Turn   | Place    | Note
--------------------------------------------------------------
     0 | D:1      | jacquesderrida the Demonspawn Summoner began the quest for the Orb.
     0 | D:1      | Reached XP level 1. HP: 13/13 MP: 3/3
   113 | D:1      | Gained mutation: You are partially covered in iridescent scales (AC +4). [demonic ancestry]
   113 | D:1      | Reached XP level 2. HP: 4/19 MP: 1/5
   186 | D:1      | Learned a level 2 spell: Call Imp
   370 | D:2      | Found a glowing silver altar of Zin.
   483 | D:2      | Reached skill level 5 in Summonings
   483 | D:2      | Gained mutation: You are mostly covered in iridescent scales (AC +6). [demonic ancestry]
   483 | D:2      | Reached XP level 3. HP: 18/24 MP: 3/6
   542 | D:3      | Found a glowing golden altar of the Shining One.
   560 | D:3      | Learned a level 3 spell: Call Canine Familiar
   772 | D:3      | HP: 1/24 [orc priest/divine providence (16)]
   822 | D:3      | Reached XP level 4. HP: 21/30 MP: 1/7
   854 | D:3      | Reached skill level 1 in Polearms
   888 | D:3      | Noticed an ogre
   926 | D:3      | Killed an ogre
  1007 | D:3      | Reached XP level 5. HP: 35/35 MP: 3/8
  1027 | D:4      | Noticed Eustachio
  1049 | D:3      | Reached skill level 6 in Summonings
  1162 | D:4      | HP: 1/35 [Eustachio/rapier (2)]
  1163 | D:4      | Slain by a quokka

Action                   |  1- 3 |  4- 6 || total
-------------------------+-------+-------++-------
Melee: Short sword       |    82 |       ||    82
       Trident           |     7 |    55 ||    62
 Cast: Summon Small Mamm |    12 |       ||    12
       Call Imp          |     9 |     1 ||    10
       Call Canine Famil |     5 |    10 ||    15
  Use: Potion            |     2 |     1 ||     3
 Stab: Sleeping          |     3 |       ||     3
       Distracted        |       |     1 ||     1
  Eat: Chunk             |     1 |     2 ||     3
       Meat ration       |     1 |       ||     1
